 Dungeon Crawl Stone Soup version 0.22-a0-406-g9ff8d77 (webtiles) character file.

92 KristoblXynda the Ruffian (level 4, -4/39 HPs)
             Began as a Troll Wizard on May 8, 2018.
             Slain by Sigmund
             ... wielding a +0 scythe
              (9 damage)
             ... on level 3 of the Dungeon.
             The game lasted 00:04:00 (1859 turns).

KristoblXynda the Ruffian (Troll Wizard)            Turns: 1859, Time: 00:04:00

Health: -4/39      AC:  5    Str: 20    XL:     4   Next: 35%
Magic:  6/6        EV:  9    Int: 15    God:
Gold:   161        SH:  0    Dex:  8    Spells: 6/7 levels left

rFire    . . .     SeeInvis .     - Unarmed
rCold    . . .     Gourm    +   (no shield)
rNeg     . . .     Faith    .   a - +0 robe
rPois    .         Spirit   .   b - +0 hat
rElec    .         Reflect  .   (no cloak)
rCorr    .         Harm     .   (gloves unavailable)
MR       .....                  (boots unavailable)
Stlth    +.........             (no amulet)
HPRegen  0.53/turn              (no ring)
MPRegen  0.10/turn              (no ring)

@: mighty, about to teleport, very slightly contaminated, invisible
A: large, unfitting armour, claws 3, fast metabolism 3, gourmand, regeneration
1, shaggy fur 1, tough skin 2
a: no special abilities


You were on level 3 of the Dungeon.
You were very full.

You visited 1 branch of the dungeon, and saw 3 of its levels.

You collected 161 gold pieces.

Inventory:

Armour
 a - a +0 robe (worn)
 b - a +0 hat (worn)
Scrolls
 c - 2 scrolls of teleportation
 k - a scroll of fog {unknown}
 m - a scroll of noise {unknown}
 n - a scroll of enchant armour {unknown}
Potions
 e - a potion of haste
 g - a potion of magic
 l - a potion of lignification
Comestibles
 d - 5 rations
 j - a chunk of flesh


   Skills:
 - Level 1.5 Dodging
 - Level 1.0 Stealth
 * Level 2.7 Unarmed Combat
 - Level 2.0 Spellcasting
 * Level 2.2 Conjurations
   Level 0.6 Summonings
   Level 0.6 Translocations


You had 6 spell levels left.
You knew the following spells:

 Your Spells              Type           Power        Failure   Level  Hunger
a - Magic Dart            Conj           #...         9%          1    #......


Dungeon Overview and Level Annotations

Branches:
Dungeon (3/15)

Altars:
Fedhas

Annotations:
D:3 Sigmund


Innate Abilities, Weirdness & Mutations

You are too large for most types of armour.
You have claws for hands.
Your metabolism is lightning-fast.
You like to eat raw meat.
Your natural rate of healing is unusually fast.
You are covered in fur. (AC +1)
You have very tough skin. (AC +2)


Message History

The rat is severely wounded.
The rat misses you. Something hits you!
* * * LOW HITPOINT WARNING * * *
You claw the rat!
You kill the rat!
It was a potion of might.
You feel very mighty all of a sudden.
A magic dart appears from out of thin air!
The magic dart hits you!
* * * LOW HITPOINT WARNING * * *
Okay, then.
It was a potion of invisibility.
You fade into invisibility!
Something hits you.
* * * LOW HITPOINT WARNING * * *
You are very lightly contaminated with residual magic.
A goblin comes into view.
As you read the scroll of teleportation, it crumbles to dust.
You feel strangely unstable. Something hits you!
You die...

........ ......#
.....# g...# #...#
#...# . #...# ..
#..@###### ... .
#.....†..# ....
..####...####.##.....
.....................
...................##
.....................
######...####.#.#..##
#........#.#..#
#...######.#.......


You could see a goblin (wandering).

Vanquished Creatures
  4 adders
  An ooze (D:1)
  2 dart slugs
  3 leopard geckos
  An orc (D:3)
  4 goblins
  5 hobgoblins
  3 jackals (D:2)
  2 quokkas (D:3)
  4 bats
  7 frilled lizards
  8 kobolds
  4 rats
48 creatures vanquished.

Notes
Turn   | Place    | Note
-------+----------+-------------------------------------------
     0 | D:1      | KristoblXynda the Troll Wizard began the quest for the Orb.
     0 | D:1      | Reached XP level 1. HP: 16/16 MP: 2/2
    59 | D:1      | Reached skill level 1 in Conjurations
    81 | D:1      | Reached skill level 1 in Unarmed Combat
   127 | D:1      | Reached XP level 2. HP: 18/24 MP: 4/4
   943 | D:2      | Reached XP level 3. HP: 27/31 MP: 5/5
  1364 | D:2      | Found a blossoming altar of Fedhas.
  1607 | D:3      | Reached XP level 4. HP: 25/39 MP: 6/6
  1805 | D:3      | Noticed a two-headed ogre
  1836 | D:3      | Noticed Sigmund
  1859 | D:3      | Slain by Sigmund

Vault maps used:
D:1:      mrwooster_arrival_arrow
D:2:      fedhas_altar_fruit_tree
D:3:      first_ration, grunt_ministairs_13, uniq_sigmund, uniq_natasha

Skill      XL: |  1  2  3 |
---------------+----------+-----
Conjurations   | 1 2 |  2.2
Unarmed Combat | 1 2 |  2.7
Dodging        | |  1.5
Stealth        | |  1.0
Spellcasting   | |  2.0
Summonings     | |  0.6
Translocations | |  0.6

Action                   |  1- 3 |  4- 6 || total
-------------------------+-------+-------++-------
Melee: Unarmed           |   115 |    50 ||   165
  Use: Scroll            |       |     5 ||     5
       Potion            |       |     2 ||     2
 Stab: Sleeping          |     3 |     1 ||     4
  Eat: Chunk             |    19 |     3 ||    22
Armor: Robe              |    41 |    22 ||    63
Dodge: Dodged            |    40 |    24 ||    64

Table legend:
 A = Spawn XP
 B = Non-spawn XP
 C = Spawn XP percentage of total XP
 D = Spawn monster count
 E = Non-spawn monster count
 F = Spawn count percentage of total count
 G = Total turns spent on level
                    A         B        C        D         E        F      G
               +---------+---------+-------+---------+---------+-------+---------
         Total |       0 |     132 |   0.0 |       0 |      48 |   0.0 |  1859
               +---------+---------+-------+---------+---------+-------+---------
           D:1 |       0 |      27 |   0.0 |       0 |      15 |   0.0 |   793
           D:2 |       0 |      58 |   0.0 |       0 |      19 |   0.0 |   798
           D:3 |       0 |      47 |   0.0 |       0 |      14 |   0.0 |   268
               +---------+---------+-------+---------+---------+-------+---------
